 Dungeon Crawl Stone Soup version 0.31-a0-4-gefa6de2278 (webtiles) character file.

Game seed: 3453137056587664702

4 Kiyoshi the Conjurer (level 1, 0/13 HPs)
             Began as a Human Conjurer on May 3, 2023.
             Slain by an adder (2 damage)
             ... on level 2 of the Dungeon.
             The game lasted 00:05:22 (213 turns).

Kiyoshi the Conjurer (Human Conjurer)                Turns: 213, Time: 00:05:23

Health: 0/13       AC:  2    Str:  7    XL:     1   Next: 77%
Magic:  0/3        EV: 12    Int: 18    God:
Gold:   21         SH:  0    Dex: 11    Spells: 3/4 levels left

rFire   . . .        c - +0 dagger
rCold   . . .        (no shield)
rNeg    . . .        a - +0 robe
rPois   .            (no helmet)
rElec   .            (no cloak)
rCorr   .            (no gloves)
SInv    .            (no boots)
Will    .....        (no amulet)
Stlth   ++           (no ring)
HPRegen 0.22/turn    (no ring)
MPRegen 0.08/turn

%: no passive effects
@: lethally poisoned (0 -> -7)
A: no striking features
a: no special abilities


You were on level 2 of the Dungeon.
You visited 1 branch of the dungeon, and saw 2 of its levels.

You collected 21 gold pieces.

Inventory:

Hand Weapons
 c - a +0 dagger (weapon)
Armour
 a - a +0 robe (worn)
 d - a +0 leather armour
 e - a +0 ring mail
Potions
 b - a potion of magic
 f - a potion of resistance {unknown}
 g - a potion of attraction {unknown}
 h - a potion of berserk rage {unknown}


   Skills:
 + Level 2.0 Dodging
 + Level 2.0 Stealth
 + Level 2.0 Spellcasting
 + Level 4.2 Conjurations


You had 3 spell levels left.
You knew the following spells:

 Your Spells              Type           Power      Damage    Failure   Level
a - Magic Dart            Conj           68%        1d6       3%          1

Your spell library contained the following spells:

 Spells                   Type           Power      Damage    Failure   Level
 Searing Ray              Conj           34%        2d5       4%          2
 Momentum Strike          Conj/Tloc      18%        3d8       12%         2
 Dazzling Flash           Conj/Hex       18%        N/A       22%         3
 Blink                    Tloc           2%         N/A       26%         2
 Lesser Beckoning         Tloc           2%         N/A       26%         2
 Fulminant Prism          Conj/Hex       4%         3d5       58%         4
 Iskenderun's Mystic Bla  Conj/Tloc      9%         2d4       58%         4


Dungeon Overview and Level Annotations

Branches:
Dungeon (2/15)

Altars:


Message History

There is a stone staircase leading down here.
You pick up a book of Spatial Translocations and begin reading...
You add the spells Blink, Momentum Strike and Lesser Beckoning to your library.
You can't see any susceptible monsters within range! (Use Z to cast anyway.)
There are no items here.
There is a stone staircase leading down here.
You climb downwards.
Found a fuming sapphire potion.
There is a stone staircase leading up here.
h - a fuming sapphire potion
Found 11 gold pieces.
Found a scroll labelled ZOSTUSI ETZOL.
You now have 21 gold pieces (gained 11).
A bat comes into view.
The bat hits you.
The magic dart hits the bat.
You kill the bat!
An adder comes into view.
The magic dart hits the adder.
The adder is lightly wounded.
The adder hisses angrily.
The magic dart hits the adder.
The adder is heavily wounded.
You are out of magic!
A rat comes into view.
Found 2 gold pieces.
The adder bites you. x2
You are poisoned.
The adder poisons you!
You see here a scroll labelled ZOSTUSI ETZOL.
You barely miss the adder.
The adder is heavily wounded.
You feel sick. The adder bites you.
You are more poisoned.
The adder poisons you!
You closely miss the adder.
The adder is heavily wounded.
* * * LOW HITPOINT WARNING * * *
You feel very sick. The adder bites you.
You die...

##.## #.....#...#
##...## ##.........#
##.....###.........#
#.................#
#####.....###...<....#
..........##
###...#.## ########..#
......#.. #..#
#..#####... #@.# #..
..r$...S...##..
#.####.........
##....###. #....#
#..... #...### ....#


You could see an adder and a rat (wandering).

Vanquished Creatures
  A bat (D:2)
  An endoplasm (D:1)
  A goblin (D:1)
  A rat (D:1)
4 creatures vanquished.

Notes
Turn   | Place    | Note
-------+----------+-------------------------------------------
     0 | D:1      | Kiyoshi the Human Conjurer began the quest for the Orb.
     0 | D:1      | Reached XP level 1. HP: 13/13 MP: 3/3
   213 | D:2      | Slain by an adder

Illustrated notes

Levels and vault maps discovered:
D:1:      scummos_arrival_star, layout_basic
D:2:      layout_loops_ring, nicolae_titane, uniq_robin

Action                     || total
---------------------------++-------
  Melee: Unarmed           ||    15
         Dagger            ||     6
   Cast: Magic Dart        ||     4
 Armour: Robe              ||     1
  Dodge: Dodged            ||    17

Table legend: (Time is in decaauts)
 A = Elapsed time spent in this place.
 B = Non-inter-level travel time spent in this place.
 C = Inter-level travel time spent in this place.
 D = Time resting spent in this place.
 E = Time spent auto-exploring this place.
 F = Levels seen in this place.
 G = Mean time per level.
                   A        B        C        D        E       F      G
               +--------+--------+--------+--------+--------+-----+--------+
         Total |    212 |     94 |    118 |      0 |      0 |   2 |  106.0 |
       Dungeon |    212 |     94 |    118 |      0 |      0 |   2 |  106.0 |
               +--------+--------+--------+--------+--------+-----+--------+

Top non-repeatable levels by time:
     D:1: 186 daAuts
     D:2: 25 daAuts
